 Dungeon Crawl Stone Soup version 0.22.0-38-g04b72b8 (webtiles) character file.

55 Monsterracer the Chiller (level 3, -1/26 HPs)
             Began as a Demigod Ice Elementalist on Aug 29, 2018.
             Slain by a gnoll
             ... wielding a +0 halberd
              (10 damage)
             ... on level 2 of the Dungeon.
             The game lasted 00:01:57 (1648 turns).

Monsterracer the Chiller (Demigod Ice Elementalist) Turns: 1648, Time: 00:01:57

Health: -1/26      AC:  2    Str: 11    XL:     3   Next: 45%
Magic:  9/9        EV: 13    Int: 21    God:
Gold:   79         SH:  0    Dex: 16    Spells: 2/6 levels left

rFire    . . .     SeeInvis .   h - +0 short sword
rCold    . . .     Gourm    .   (no shield)
rNeg     . . .     Faith    .   a - +0 robe
rPois    .         Spirit   .   (no helmet)
rElec    .         Reflect  .   (no cloak)
rCorr    .         Harm     .   (no gloves)
MR       .....                  (no boots)
Stlth    ++........             (no amulet)
HPRegen  0.08/turn              (no ring)
MPRegen  0.11/turn              (no ring)

@: no status effects
A: high mp 1
a: no special abilities


You were on level 2 of the Dungeon.
You were hungry.

You visited 1 branch of the dungeon, and saw 2 of its levels.

You collected 79 gold pieces.

Inventory:

Hand Weapons
 h - a +0 short sword (weapon)
Armour
 a - a +0 robe (worn)
Wands
 l - a wand of clouds (4)
Scrolls
 d - a scroll of noise {unknown}
 f - 4 scrolls of identify {unknown}
 g - a scroll of random uselessness {unknown}
 j - a scroll of teleportation {unknown}
 m - a scroll of remove curse {unknown}
Potions
 b - 3 potions of heal wounds {unknown}
 e - a potion of invisibility {unknown}
 i - a potion of haste {unknown}
 k - a potion of magic {unknown}
 n - 2 potions of curing {unknown}
Comestibles
 c - 3 rations


   Skills:
 - Level 2.1 Dodging
 - Level 2.2 Stealth
 + Level 2.3 Spellcasting
   Level 0.8 Conjurations
 * Level 3.4 Ice Magic


You had 2 spell levels left.
You knew the following spells:

 Your Spells              Type           Power        Failure   Level  Hunger
a - Freeze                Ice            ###.         3%          1    #......
c - Ozocubu's Armour      Chrm/Ice       #.......     22%         3    ###....

Your spell library contained the following spells:

 Spells                   Type           Power        Failure   Level  Hunger
 Throw Frost              Conj/Ice       ##....       9%          2    ##.....
 Throw Icicle             Conj/Ice       ##......     52%         4    #####..
 Summon Ice Beast         Ice/Summ       #.......     56%         4    #####..


Dungeon Overview and Level Annotations

Branches:
Dungeon (2/15)


Innate Abilities, Weirdness & Mutations

You have an increased reservoir of magic. (+10% MP)


Message History

The bat barely misses you.
Found a blackened fluorescent wand.
You hit the bat.
The bat is heavily wounded.
The bat hits you but does no damage. The bat closely misses you.
Casting: Freeze (safe; 3% risk of failure)
Confirm with . or Enter, or press ? or * to list all spells.
Aiming: Freeze (safe; 3% risk of failure)
Press: ? - help, Shift-Dir - straight line, f - rat
Aim: a rat You freeze the rat.
You kill the rat!
The bat hits you but does no damage.
You now have 8/9 mp.
Casting: Freeze (safe; 3% risk of failure)
Confirm with . or Enter, or press ? or * to list all spells.
You can't see any susceptible monsters within range! (Use Z to cast anyway.) Unknown command.
Casting: Freeze (safe; 3% risk of failure)
Confirm with . or Enter, or press ? or * to list all spells.
You can't see any susceptible monsters within range! (Use Z to cast anyway.) Unknown command.
Casting: Freeze (safe; 3% risk of failure)
Confirm with . or Enter, or press ? or * to list all spells.
You can't see any susceptible monsters within range! (Use Z to cast anyway.)
The bat barely misses you. The bat closely misses you.
Casting: Freeze (safe; 3% risk of failure)
Confirm with . or Enter, or press ? or * to list all spells.
You can't see any susceptible monsters within range! (Use Z to cast anyway.) Unknown command.
Casting: Freeze (safe; 3% risk of failure)
Confirm with . or Enter, or press ? or * to list all spells.
You can't see any susceptible monsters within range! (Use Z to cast anyway.)
A bat is nearby!
The bat hits you but does no damage.
Casting: Freeze (safe; 3% risk of failure)
Confirm with . or Enter, or press ? or * to list all spells.
Aiming: Freeze (safe; 3% risk of failure)
Press: ? - help, Shift-Dir - straight line, f - bat
Aim: a bat (heavily wounded)
You freeze the bat.
You kill the bat!
You now have 7/9 mp.
l - a wand of clouds (4) MP restored: 9
Found a short sword.
f - 4 scrolls labeled RUCEUKA JIJUT (gained 1)
c - 3 rations (gained 1)
There is an escape hatch in the ceiling here.
A bat comes into view.
A bat is nearby!
Found 7 tomahawks.
Casting: Freeze (safe; 3% risk of failure)
Confirm with . or Enter, or press ? or * to list all spells.
Aiming: Freeze (safe; 3% risk of failure)
Press: ? - help, Shift-Dir - straight line, f - bat
Aim: a bat (resting)
You freeze the bat.
The bat is moderately wounded.
The bat hits you but does no damage.
You now have 8/9 mp.
A bat is nearby!
A bat is nearby!
The bat hits you.
You take 1 damage, and have 25/26 hp.
Casting: Freeze (safe; 3% risk of failure)
Confirm with . or Enter, or press ? or * to list all spells.
Aiming: Freeze (safe; 3% risk of failure)
Press: ? - help, Shift-Dir - straight line, f/p - bat
Aim: a bat You freeze the bat.
You kill the bat!
You now have 7/9 mp.
You butcher the bat corpse.
o - a chunk of flesh Eating a chunk of flesh.
You eat the chunk of flesh.
This raw flesh tastes terrible.
You are feeling hungry.
Health restored: 26; MP restored: 9 A gnoll comes into view.
It is wielding a club.
A gnoll is nearby!
The gnoll shouts!
You hear a shout!
A gnoll comes into view. It is wielding a halberd.
A gnoll comes into view. It is wielding an enchanted spear.
The gnoll throws a throwing net.
The throwing net hits you.
You become entangled in the net!
Found a scroll labeled URIUHYA GIADGH.
You see here a throwing net.
You struggle against the net.
A gnoll comes into view. It is wielding a halberd.
You struggle against the net.
The gnoll hits you but does no damage.
You tear a large gash into the net.
The gnoll hits you from afar with a halberd!
The gnoll hits you with a club.
* * * LOW HITPOINT WARNING * * *
You take 16 damage, and have 10/26 hp.
MASSIVE DAMAGE!!
You shred the net and break free! The gnoll hits you with a club.
* * * LOW HITPOINT WARNING * * *
The gnoll hits you from afar with a halberd!
You die...

..# ####.............##.# 8.#
#..........#####.##
_8#######.......#### #..##
8.#.............. ##..#
..#.########...#.## ##.## ###.##
#......##..# #..# #....###......#
#.# ##.## ##
#.##..........♣#♣.♣#♣## #..###.
..##............@ggg..######..#..
..#..###......♣#♣.♣.♣.##........#
....## #......# .# #..####.##.
..### #......# .♣ . #.... .##
######## .? ##### .# ## .# ##


You could see 3 gnolls.

Vanquished Creatures
  An adder (D:2)
  An ooze (D:1)
  A dart slug (D:1)
  2 ball pythons (D:1)
  A giant cockroach (D:1)
  3 goblins
  6 hobgoblins
  9 jackals
  6 bats
  2 kobolds (D:1)
  3 rats
35 creatures vanquished.

Notes
Turn   | Place    | Note
-------+----------+-------------------------------------------
     0 | D:1      | Monsterracer the Demigod Ice Elementalist began the quest for the Orb.
     0 | D:1      | Reached XP level 1. HP: 14/14 MP: 5/5
   163 | D:1      | Reached XP level 2. HP: 20/20 MP: 5/7
   573 | D:1      | Reached skill level 3 in Ice Magic
   952 | D:2      | Found an iron altar of Okawaru.
  1078 | D:2      | Reached XP level 3. HP: 21/26 MP: 0/8
  1094 | D:2      | Learned a level 3 spell: Ozocubu's Armour
  1329 | D:2      | HP: 13/26 [poisoned by an adder]
  1502 | D:2      | Found an ancient bone altar of Kikubaaqudgha.
  1647 | D:2      | HP: 10/26 [gnoll/club (6)]
  1648 | D:2      | Slain by a gnoll

Skill      XL: |  1  2 |
---------------+-------+-----
Dodging        | 2 |  2.1
Stealth        | 2 |  2.2
Spellcasting   | 2 |  2.3
Ice Magic      | 3 |  3.4
Conjurations   | |  0.8

Action                   || total
-------------------------++-------
Melee: Unarmed           ||     2
       Short sword       ||     9
 Cast: Freeze            ||    53
 Stab: Sleeping          ||     1
  Eat: Chunk             ||     2
Armor: Robe              ||    11
Dodge: Dodged            ||    26

Vault maps used:
D:1:      saegor_arrival_simple_c
D:2:      nicolae_overflow_crystal_walls, kennysheep_okawaru_gauntlet,
          serial_forest, infiniplex_forest_straight_2,
          infiniplex_forest_lined_2, infiniplex_forest_zigzag_1,
          infiniplex_forest_lined_2, infiniplex_forest_lined_3_way,
          nicolae_qazlal_general_emergency
